 Dungeon Crawl Stone Soup version 0.28.0 (webtiles) character file.

Game seed: 3290873547027468469

1 SteelSquire the Sneak (level 1, -5/19 HPs)
             Began as a Hill Orc Delver on Feb 15, 2022.
             Slain by an ice beast (10 damage)
             ... on level 4 of the Dungeon.
             The game lasted 00:02:44 (503 turns).

SteelSquire the Sneak (Hill Orc Delver)              Turns: 503, Time: 00:02:45

Health: -5/19      AC:  3    Str: 14    XL:     1   Next: 20%
Magic:  1/1        EV: 11    Int: 10    God:
Gold:   90         SH:  0    Dex: 12    Spells: 0/0 levels left

rFire   . . .      SeeInvis .   a - +0 hand axe
rCold   . . .      Faith    .   (no shield)
rNeg    . . .      Spirit   .   b - +0 leather armour
rPois   .          Reflect  .   (no helmet)
rElec   .          Harm     .   (no cloak)
rCorr   .          Rampage  .   (no gloves)
Will    .....                   (no boots)
Stlth   ++........              (no amulet)
HPRegen 0.06/turn               (no ring)
MPRegen 0.07/turn               (no ring)

@: no status effects
A: no striking features
a: no special abilities


You were on level 4 of the Dungeon.
You visited 1 branch of the dungeon, and saw 2 of its levels.

You collected 90 gold pieces.

Inventory:

Hand Weapons
 a - a +0 hand axe (weapon)
Armour
 b - a +0 leather armour (worn)
 i - a +0 ring mail
Magical Staves
 h - a staff of poison
Jewellery
 j - a ring of protection from cold
Wands
 g - a wand of digging (3)
Scrolls
 c - a scroll of fog
 d - a scroll of magic mapping
 e - a scroll of fear
Potions
 f - a potion of haste


   Skills:
 + Level 3.6 Fighting
 + Level 2.6 Axes
 + Level 1.5 Dodging
 + Level 4.1 Stealth


You couldn't memorise any spells.
You didn't know any spells.
Your spell library was empty.

Dungeon Overview and Level Annotations

Branches:
Dungeon (5/15)
 Temple: D:4-7

Altars:

Annotations:
D:4 Crazy Yiuf
D:5 Dowan, Duvessa


Message History

A bullfrog zombie comes into view.
You see here a +0 hand crossbow.
You closely miss the bullfrog zombie. The bullfrog zombie barely misses you.
The bullfrog zombie closely misses you. x2
The bullfrog zombie hits you. The bullfrog zombie misses you.
The bullfrog zombie hits you but does no damage.
An ice beast comes into view.
Found a stone staircase leading down.
The bullfrog zombie hits you. The bullfrog zombie closely misses you.
There is a stone staircase leading up here.
The bullfrog zombie barely misses you.
Found a chain mail.
The ice beast barely misses you. The bullfrog zombie hits you.
The bullfrog zombie hits the fungus.
The fungus begins to die.
A nearby fungus withers and dies.
There is a stone staircase leading up here.
The ice beast barely misses you.
You climb upwards.
There is a stone staircase leading down here.
Found a purple potion.
You see here a purple potion.
Found 13 gold pieces.
Found an inky potion.
Found 27 stones.
Found a stone staircase leading up.
The ice beast hits you. The ice beast freezes you.
Found a scroll labelled SUP EMMOFERE.
A howler monkey skeleton comes into view.
Found a stone staircase leading up.
Found a mace.
Found a runed translucent door.
Crazy Yiuf shouts!
Crazy Yiuf says, "Whiteboard head Orb Guardian!"
Crazy Yiuf twirls on the spot.
You open the door. The ice beast hits you.
* * * LOW HITPOINT WARNING * * *
The ice beast freezes you!
Ouch! That really hurt!
You die...

...# #.......# #.# .#
...##########.## #..
J. ......# #.# ### .#
......# ### ......#
...############
....####.+..#Z### ###
.....##......#.Y##...#
...?......Z.####@'g..#
.#...##..+.## ###..)#
.....####### ###
.###.# . #.# #.# #.#
#<


You could see an ice beast, Crazy Yiuf and a howler monkey skeleton.

Vanquished Creatures
  A quokka (D:5)
1 creature vanquished.

Vanquished Creatures (others)
  4 fungi (D:5)
  5 toadstools (D:5)
9 creatures vanquished.

Grand Total: 10 creatures vanquished

Notes
Turn   | Place    | Note
-------+----------+-------------------------------------------
     0 | D:5      | SteelSquire the Hill Orc Delver began the quest for the
                  | Orb.
     0 | D:5      | Reached XP level 1. HP: 19/19 MP: 1/1
    26 | D:5      | Noticed Dowan
    27 | D:5      | Noticed Duvessa
    27 | D:5      | Noticed a hound
    90 | D:5      | Noticed an iguana
   369 | D:5      | Noticed an iguana
   428 | D:5      | Noticed an ice beast
   456 | D:4      | Noticed a jelly
   499 | D:4      | Found a runed translucent door.
   500 | D:4      | Noticed Crazy Yiuf
   503 | D:4      | Slain by an ice beast

Illustrated notes

Levels and vault maps discovered:
D:4:      layout_loops_corners, kennysheep_cross_room,
          minmay_misc_feat_four_crosses, uniq_crazy_yiuf_cottage, uniq_sigmund
D:5:      layout_loops_ring, mainiacjoe_overflow_alcove_4,
          minmay_gold_behind_fungi, uniq_duvessa, uniq_ijyb

Action                   || total
-------------------------++-------
Melee: Hand axe          ||     8
Armor: Leather armour    ||     3
Dodge: Dodged            ||    13
